 Dungeon Crawl Stone Soup version 0.17.1-1-g73c8601 (webtiles) character file.

2536 DeXoteric the Cleaver (level 9, -4/64 HPs)
             Began as a Formicid Fighter on Jan 8, 2016.
             Was a Follower of Makhleb.
             Slain by a centaur (6 damage)
             ... on level 6 of the Dungeon.
             The game lasted 00:13:55 (8176 turns).

DeXoteric the Cleaver (Formicid Fighter)            Turns: 8176, Time: 00:13:56

Health: -4/64      AC:  9    Str: 23    XL:     9   Next: 85%
Magic:  9/9        EV:  9    Int:  7    God:    Makhleb [*.....]
Gold:   242        SH: 12    Dex: 12    Spells: 0 memorised, 8 levels left

rFire  . . .     SeeInvis +     a - +0 war axe
rCold  . . .     Clarity  .     b - +0 scale mail
rNeg   . . .     SustAt   .     c - +0 shield
rPois  +         Gourm    .     (helmet unavailable)
rElec  .         Spirit   .     q - +0 cloak {rPois}
rCorr  +         Warding  .     (no gloves)
rMut   .         Stasis   +     v - +0 pair of boots
MR     .....                    s - amulet of resist corrosion
Stlth  ..........               (no ring)
                                (no ring)

@: not resistant to hostile enchantments, extremely unstealthy
A: permanent stasis, dig shafts and tunnels, four strong arms, antennae 3
a: Dig, Shaft Self, Renounce Religion


You were on level 6 of the Dungeon.
You worshipped Makhleb.
Makhleb was aware of your devotion.
You were hungry.

You visited 1 branch of the dungeon, and saw 6 of its levels.

You collected 242 gold pieces.

Inventory:

Hand Weapons
 a - a +0 war axe (weapon)
Armour
 b - a +0 scale mail (worn)
 c - a +0 shield (worn)
 q - a +0 cloak of poison resistance (worn)
 v - a +0 pair of boots (worn)
Jewellery
 s - an amulet of resist corrosion (around neck)
Scrolls
 h - 4 scrolls of recharging {unknown}
 i - 2 scrolls of amnesia {unknown}
 k - a scroll of fog
 n - 2 scrolls of fear {unknown}
 o - 2 scrolls of enchant weapon {unknown}
 r - 3 scrolls of remove curse
 x - a scroll of random uselessness {unknown}
Potions
 d - 3 potions of might
 f - 2 potions of flight
 m - a potion of cure mutation
 t - a potion of haste {unknown}
 u - 2 potions of resistance {unknown}
 z - a potion of cancellation
 A - a potion of brilliance
Comestibles
 e - 4 bread rations
 g - a beef jerky
 j - 2 meat rations


   Skills:
 - Level 3.2 Fighting
 + Level 10.6 Axes
 - Level 3.2 Armour
 - Level 9.2 Shields


You had 8 spell levels left.
You didn't know any spells.

Dungeon Overview and Level Annotations

Branches:
Dungeon (6/15)
 Temple: D:4-7

Altars:
Makhleb
Nemelex Xobeh
Qazlal
Ru
Sif Muna
Zin

Shops:
D:6 (


Innate Abilities, Weirdness & Mutations

You are under a permanent stasis effect.
You can dig through walls and to a lower floor.
Your four strong arms can wield two-handed weapons with a shield.
You have a pair of large antennae on your head (SInv).


Message History

You are too injured to fight recklessly!
You are too injured to fight recklessly!
You are too injured to fight recklessly!
You are too injured to fight recklessly!
The centaur unwields an uncursed shortbow.
The centaur hits you!
* * * LOW HITPOINT WARNING * * *
The centaur barely misses you.
Things that are here:
a flail of holy wrath; a shiny chain mail; 8 gold pieces You take 7 damage, and have 6/64 hp.
You are too injured to fight recklessly!
You hit the centaur. The centaur hits you.
* * * LOW HITPOINT WARNING * * *
You take 4 damage, and have 2/64 hp.
You hit the centaur but do no damage.
The centaur hits you but does no damage.
You block the centaur's attack.
You slash the centaur! The centaur hits you.
You die...

.....#.# { #)..#♣♣
.....#.# ##### .....#.#
##'#.#.# ...#.#.#
...#.#.#
.......#########
..#............####
..(..........(((ac#
..#(...........##.......
..#............# .......
..#............# .....(#
..#............# ..[...#
..#.......>....# ......#
###............# .####.#
.............# .# .#
......###


You could see a centaur.

Vanquished Creatures
  Pikel (D:6)
  Prince Ribbit (D:5)
  Sigmund (D:4)
  Edmund (D:6)
  Duvessa (D:6)
  3 ogres (D:5)
  A sky beast (D:5)
  2 slaves
  2 phantoms
  A necrophage (D:4)
  Blork the orc (D:5)
  A giant frog (D:6)
  Dowan (D:6)
  A gnoll sergeant (D:5)
  2 scorpions
  A jelly (D:5)
  A crimson imp (D:6)
  A centaur zombie (D:6)
  2 hounds (D:4)
  A gnoll shaman (D:6)
  Crazy Yiuf (D:6)
  A centaur skeleton (D:4)
  An orc wizard (D:4)
  2 worker ants
  A hound zombie (D:6)
  A hound skeleton (D:6)
  12 gnolls
  6 adders
  2 oozes (D:2)
  An adder skeleton (D:6)
  A worm (D:3)
  4 giant geckos
  10 orcs
  A ball python (D:5)
  A giant cockroach (D:1)
  8 goblins
  9 hobgoblins
  8 jackals
  11 kobolds
  8 bats
  A giant gecko skeleton (D:6)
  6 giant newts
  A jackal skeleton (D:4)
  7 rats
130 creatures vanquished.

Vanquished Creatures (others)
  A slave (D:6)
  A giant frog (D:6)
2 creatures vanquished.

Grand Total: 132 creatures vanquished

Notes
Turn   | Place    | Note
--------------------------------------------------------------
     0 | D:1      | DeXoteric the Formicid Fighter began the quest for the Orb.
     0 | D:1      | Reached XP level 1. HP: 18/18 MP: 1/1
   407 | D:1      | Reached XP level 2. HP: 24/24 MP: 2/2
   529 | D:1      | Reached skill level 4 in Shields
   635 | D:1      | Reached XP level 3. HP: 29/29 MP: 3/3
  1138 | D:2      | Found a sparkling altar of Nemelex Xobeh.
  1284 | D:2      | Reached XP level 4. HP: 35/35 MP: 4/4
  1880 | D:3      | Found a sparkling altar of Nemelex Xobeh.
  2338 | D:3      | Reached skill level 5 in Shields
  2343 | D:3      | Reached XP level 5. HP: 3/41 MP: 5/5
  2993 | D:4      | Found a sacrificial altar of Ru.
  2993 | D:4      | Found a glowing silver altar of Zin.
  2995 | D:4      | Found a deep blue altar of Sif Muna.
  3210 | D:4      | Noticed a phantom
  3242 | D:4      | Killed a phantom
  3242 | D:4      | Reached XP level 6. HP: 35/47 MP: 6/6
  3367 | D:4      | Noticed a necrophage
  3369 | D:4      | Reached skill level 6 in Shields
  3373 | D:4      | Killed a necrophage
  3373 | D:4      | Reached skill level 5 in Axes
  3449 | D:4      | Reached XP level 7. HP: 12/52 MP: 7/7
  3764 | D:4      | Found a stormy altar of Qazlal.
  4365 | D:4      | Noticed Sigmund
  4385 | D:4      | Killed Sigmund
  4385 | D:4      | Reached skill level 7 in Shields
  4726 | D:5      | Entered Level 5 of the Dungeon
  4737 | D:5      | Reached XP level 8. HP: 32/58 MP: 8/8
  4993 | D:5      | Reached skill level 8 in Shields
  5777 | D:5      | Found a burning altar of Makhleb.
  5777 | D:5      | Noticed Blork the orc
  5778 | D:5      | Noticed Prince Ribbit
  5880 | D:5      | Killed Prince Ribbit
  5880 | D:5      | Reached skill level 9 in Shields
  6048 | D:5      | Killed Blork the orc
  6316 | D:5      | Became a worshipper of Makhleb the Destroyer
  6390 | D:6      | Noticed Duvessa
  6390 | D:6      | Noticed Dowan
  6399 | D:6      | Noticed Pikel
  6647 | D:5      | Reached XP level 9. HP: 64/64 MP: 9/9
  7116 | D:6      | Noticed Crazy Yiuf
  7125 | D:6      | Killed Crazy Yiuf
  7240 | D:6      | Found Sutzeac's Antique Weapon Boutique.
  7478 | D:6      | Killed Pikel
  7478 | D:6      | Reached * piety under Makhleb
  7478 | D:6      | Reached skill level 10 in Axes
  7802 | D:6      | Killed Duvessa
  7809 | D:6      | Killed Dowan
  8150 | D:6      | Noticed Edmund
  8169 | D:6      | Killed Edmund
  8174 | D:6      | HP: 2/64 [centaur (4)]
  8176 | D:6      | Slain by a centaur

Action                   |  1- 3 |  4- 6 |  7- 9 || total
-------------------------+-------+-------+-------++-------
Melee: War axe           |    93 |   145 |   313 ||   551
  Use: Potion            |       |       |     3 ||     3
       Scroll            |       |       |    10 ||    10
  Eat: Chunk             |     1 |     7 |    15 ||    23
